 Dungeon Crawl Stone Soup version 0.29-a0-723-gce39da1c22 (webtiles) character file.

Game seed: 3434452877524194621

46524 riojii the Bludgeoner (level 14, -31/138 HPs)
             Began as a Gargoyle Fighter on June 28, 2022.
             Was an Elder of Makhleb.
             Annihilated by Rupert
             ... wielding a +4 great mace of protection
              (38 damage)
             ... on level 3 of the Lair of Beasts.
             The game lasted 00:21:48 (16746 turns).

riojii the Bludgeoner (Gargoyle Fighter)           Turns: 16746, Time: 00:21:48

Health: -31/138    AC: 27    Str: 25    XL:     14   Next: 37%
Magic:  14/14      EV:  2    Int:  9    God:    Makhleb [****..]
Gold:   1082       SH: 11    Dex:  9    Spells: 13/13 levels left

rFire   . . .      SeeInvis +   i - +3 mace (flame)
rCold   . . .      Faith    .   I - +0 kite shield
rNeg    + . .      Spirit   .   (body armour currently unavailable)
rPois   ∞          Reflect  .   (helmet currently unavailable)
rElec   .          Harm     .   (cloak currently unavailable)
rCorr   .          Rampage  .   (gloves currently unavailable)
Will    +....      NoTele   +   (boots currently unavailable)
Stlth   +.........              (no amulet)
HPRegen 0.33/turn               f - ring of flight
MPRegen 0.14/turn               h - ring of see invisible

@: mighty, tree-form, studying Long Blades
A: stationary, stasis, torment immunity, boosted hp, sickness immunity, AC +10,
(big wings), negative energy resistance 1, (electricity resistance), torment
resistance 1, petrification resistance
a: Renounce Religion, Minor Destruction, Lesser Servant of Makhleb, Major
Destruction


You were on level 3 of the Lair of Beasts.
You worshipped Makhleb.
Makhleb was greatly pleased with you.
You were a tree.
You visited 3 branches of the dungeon, and saw 18 of its levels.

You collected 1082 gold pieces.

Inventory:

Hand Weapons
 i - a +3 mace of flaming (weapon)
Missiles
 G - 3 throwing nets (quivered)
Armour
 l - a +1 pair of boots (melded)
 o - a +1 pair of gloves (melded)
 v - a +1 plate armour (melded)
 y - the +2 hat of the Bear Spirit (melded) {Spirit, *Rage Will++}
   (You found it on level 7 of the Dungeon)

   Going berserk makes the wearer tougher, and they're slowed less afterward.
   *Rage:     It berserks you when you make melee attacks (+20% chance).
   Will:      It greatly increases your willpower.
 I - a +0 kite shield (worn)
Jewellery
 f - a ring of flight (left branch)
 h - a ring of see invisible (right branch)
 x - a ring of positive energy
 D - a +6 ring of intelligence
 H - a ring of protection from cold
Wands
 b - a wand of charming (9)
 c - a wand of iceblast (4)
 d - a wand of polymorph (17)
 q - a wand of quicksilver (4)
 z - a wand of flame (45)
 C - a wand of mindburst (5)
Scrolls
 a - 4 scrolls of identify
 g - 7 scrolls of poison
 j - 4 scrolls of fear
 m - a scroll of amnesia
 t - 4 scrolls of enchant weapon
 u - 4 scrolls of blinking
 A - 2 scrolls of magic mapping
 B - 2 scrolls of teleportation
Potions
 k - 7 potions of curing
 n - a potion of brilliance
 p - 3 potions of lignification
 r - a potion of mutation
 s - 3 potions of flight
 w - 3 potions of attraction
 E - a potion of ambrosia
 F - a potion of magic
 J - 2 potions of resistance
 K - a potion of berserk rage


   Skills:
 + Level 12.1 Fighting
 * Level 15.0 Maces & Flails
 + Level 12.1 Armour
 + Level 12.1 Shields


You had 13 spell levels left.
You didn't know any spells.
Your spell library contained the following spells:

 Spells                   Type           Power      Damage    Failure   Level
 Scorch                   Fire           0%         2d5       77%         2
 Static Discharge         Conj/Air       0%         N/A       77%         2
 Call Canine Familiar     Summ           0%         N/A       94%         3
 Dazzling Flash           Conj/Hex       0%         N/A       94%         3
 Portal Projectile        Hex/Tloc       0%         N/A       94%         3
 Dispel Undead            Necr           0%         3d6       100%        4
 Flame Wave               Conj/Fire      0%         2d4       100%        4
 Leda's Liquefaction      Hex/Erth       0%         N/A       100%        4
 Sticky Flame             Conj/Fire      0%         2d3       100%        4
 Agony                    Necr           0%         N/A       100%        5
 Alistair's Intoxication  Tmut/Pois      0%         N/A       100%        5
 Borgnjor's Vile Clutch   Necr/Erth      0%         N/A       100%        5
 Silence                  Hex/Air        0%         N/A       100%        5
 Eringya's Noxious Bog    Tmut/Pois      0%         N/A       100%        6
 Summon Cactus Giant      Summ           0%         N/A       100%        6


Dungeon Overview and Level Annotations

Branches:
Dungeon (11/15)            Temple (1/1) D:6            Lair (6/6) D:11
  Swamp (0/4) Lair:4        Snake (0/4) Lair:2        Slime (0/5) Lair:6
    Orc (0/2) D:9

Altars:
Ashenzari
Cheibriados
Dithmenos
Elyvilon
Fedhas
Gozag
Hepliaklqana
Kikubaaqudgha
Makhleb
Nemelex Xobeh
Okawaru
Qazlal
Ru
Sif Muna
Trog
Uskayaw
Vehumet
Wu Jian
Xom
Yredelemnul
Zin
The Shining One
Jiyva

Shops:
D:6 [   D:10 *

Annotations:
D:8 3 runed translucent doors, snackwell's ghost, novice DsTm
Lair:3 Rupert


Innate Abilities, Weirdness & Mutations

You are a tree.
Your roots penetrate the ground, keeping you stationary.
You cannot be teleported.
You are immune to unholy pain and torment.
Your maximum health is greatly increased.
Your equipment is partially melded.
You are immune to sickness and miasma.
((Your stone body is resilient. (AC +10)))
You are immune to poison.
((Your large and strong wings let you fly.))
You resist negative energy. (rN+)
((You are resistant to electric shocks. (rElec)))
You are resistant to unholy torment.
You are immune to petrification.


Message History

You barely miss Rupert.
Rupert is lightly wounded.
A nearby fungus withers and dies.
Rupert hits you but does no damage.
You hit Rupert but do no damage.
Rupert is lightly wounded.
Rupert hits you with a +4 great mace of protection.
You hit Rupert but do no damage.
Rupert is lightly wounded.
Rupert hits you with a +4 great mace of protection!
Rupert hits you with a +4 great mace of protection!!!
You hit Rupert. You burn Rupert.
Rupert is moderately wounded.
Rupert hits you but does no damage.
You closely miss Rupert.
Rupert is lightly wounded.
Rupert hits you but does no damage.
You hit Rupert. You burn Rupert.
Rupert is moderately wounded.
Rupert hits you with a +4 great mace of protection!!
You sock Rupert! You burn Rupert.
Rupert is moderately wounded.
Rupert hits you but does no damage.
You thump Rupert! You burn Rupert.
Rupert is moderately wounded.
Rupert hits you with a +4 great mace of protection!
Rupert hits you with a +4 great mace of protection!!!
* * * LOW HITPOINT WARNING * * *
You closely miss Rupert.
Rupert is moderately wounded.
Rupert hits you with a +4 great mace of protection!
* * * LOW HITPOINT WARNING * * *
Okay, then.
Aiming: Charm
Press: ? - help, Shift-Dir - straight line, f/p - Rupert
Aim: Rupert, wielding a +4 great mace of protection and wearing a +1 leather armour of cold resistance (moderately wounded, berserk, chance to affect: 1%) Rupert resists with almost no effort.
You block Rupert's attack.
You feel very mighty all of a sudden. Rupert hits you but does no damage.
Rupert hits you with a +4 great mace of protection!!!
You die...

..# ..# .... .## ... .#
.. ... ####.P# ..#
#...... #..####
.......... ## ##.......
...........##..#........
......>......)..♣P......
...........P...#.@......
.......# .#### ##.......
.......#.. .......
...†...... ...?...
...†...... .......
...†...... .......
....P..#.# .......
...#####


You could see Rupert (berserk).

Vanquished Creatures
  Gastronok (Lair:1)
  Josephine (D:11)
  Erolcha (D:9)
  A two-headed ogre (D:11)
  4 hydras
  7 elephants
  4 black mambas
  Joseph (D:8)
  7 cane toads
  3 unseen horrors
  2 rime drakes (Lair:4)
  A kobold demonologist (D:11)
  6 komodo dragons
  4 trolls
  2 polar bears (Lair:4)
  2 slime creatures (Lair:6)
  A vampire (D:11)
  5 wyverns
  6 wraiths (D:11)
  23 yaks
  A basilisk (Lair:4)
  A steam dragon (D:6)
  A swamp worm (Lair:4)
  A naga (Lair:2)
  4 acid dragons
  11 water moccasins
  5 orc warriors
  A black bear (D:6)
  2 ice beasts
  A sky beast (D:8)
  3 ogres
  11 centaurs
  15 wolves
  3 kobold brigands
  10 bullfrogs
  A gnoll sergeant (D:6)
  2 scorpions (D:6)
  12 killer bees
  3 howler monkeys (D:9)
  2 hounds
  7 orc priests
  A gnoll shaman (D:4)
  6 jellies
  6 iguanas
  15 orc wizards
  11 gnolls
  8 adders
  A white imp (D:8)
  2 ufetubi
  A dart slug (D:4)
  59 orcs
  5 ball pythons
  5 endoplasms
  5 giant cockroaches
  7 goblins
  6 hobgoblins
  4 jackals
  2 quokkas
  8 bats
  2 frilled lizards
  28 kobolds
  4 rats
365 creatures vanquished.

Vanquished Creatures (others)
  An orc wizard (D:9)
  19 fungi
  21 plants
41 creatures vanquished.

Grand Total: 406 creatures vanquished

Notes
Turn   | Place    | Note
-------+----------+-------------------------------------------
     0 | D:1      | riojii the Gargoyle Fighter began the quest for the Orb.
     0 | D:1      | Reached XP level 1. HP: 14/14 MP: 1/1
    90 | D:1      | Reached XP level 2. HP: 14/19 MP: 2/2
   686 | D:1      | Reached XP level 3. HP: 23/23 MP: 3/3
  1404 | D:2      | Reached skill level 3 in Maces & Flails
  1707 | D:3      | Found a glowing golden altar of the Shining One.
  1912 | D:3      | Reached XP level 4. HP: 25/29 MP: 4/4
  2483 | D:3      | Reached XP level 5. HP: 20/33 MP: 5/5
  3043 | D:3      | Reached skill level 4 in Maces & Flails
  3161 | D:4      | Reached XP level 6. HP: 28/39 MP: 6/6
  3371 | D:4      | Found an ornate altar of the Wu Jian Council.
  3668 | D:4      | Found a snail-covered altar of Cheibriados.
  3738 | D:4      | You are sucked into a shaft and drop 3 floors!
  3755 | D:7      | Noticed a water moccasin
  3766 | D:7      | Killed a water moccasin
  3767 | D:7      | Reached skill level 5 in Maces & Flails
  3767 | D:7      | Reached XP level 7. HP: 31/44 MP: 7/7
  3857 | D:7      | Found the +2 hat of the Bear Spirit {Spirit, *Rage Will++}
  3931 | D:6      | Found Vyloet's Armour Emporium.
  3972 | D:6      | Found a staircase to the Ecumenical Temple.
  4020 | D:6      | Reached skill level 5 in Fighting
  4020 | D:6      | Reached skill level 5 in Armour
  4020 | D:6      | Reached skill level 5 in Shields
  4088 | D:5      | Entered Level 5 of the Dungeon
  4151 | D:5      | Noticed a troll
  4161 | D:5      | Killed a troll
  4162 | D:5      | Reached skill level 6 in Maces & Flails
  4162 | D:5      | Reached XP level 8. HP: 50/50 MP: 8/8
  5418 | D:5      | Reached skill level 7 in Maces & Flails
  5656 | D:6      | Reached XP level 9. HP: 56/56 MP: 9/9
  5847 | D:6      | Identified the +6 war axe of Blind Justice {holy, rPois
                  | Str+2 SInv}
  5971 | D:6      | Found a white marble altar of Elyvilon.
  6132 | D:6      | Found a bloodstained altar of Trog.
  6732 | D:7      | Reached skill level 8 in Maces & Flails
  7709 | Temple   | Entered the Ecumenical Temple
  7771 | Temple   | Became a worshipper of Makhleb the Destroyer
  8188 | D:8      | Found a runed translucent gate.
  8188 | D:8      | Found a runed translucent gate.
  8191 | D:8      | Found a runed translucent gate.
  8191 | D:8      | Found an opulent altar of Gozag.
  8191 | D:8      | Noticed an efreet
  8192 | D:8      | Noticed a manticore
  8193 | D:8      | Noticed snackwell's ghost (novice DsTm)
  8285 | D:8      | Noticed Joseph
  8298 | D:8      | Killed Joseph
  8508 | D:8      | Found a radiant altar of Vehumet.
  8756 | D:9      | Reached skill level 9 in Maces & Flails
  8756 | D:9      | Reached XP level 10. HP: 63/63 MP: 6/10
  9112 | D:9      | Reached * piety under Makhleb
  9552 | D:9      | Found a staircase to the Orcish Mines.
  9653 | D:9      | Noticed Erolcha
  9662 | D:9      | Killed Erolcha
  9747 | D:9      | Reached ** piety under Makhleb
  9796 | D:9      | Reached skill level 10 in Maces & Flails
 10252 | D:9      | Noticed an unseen horror
 10266 | D:9      | Killed an unseen horror
 10267 | D:9      | Reached XP level 11. HP: 69/69 MP: 11/11
 10394 | D:10     | Entered Level 10 of the Dungeon
 10604 | D:10     | Identified the +3 war axe "Ticuk" {flame, rC+ rN+}
 10979 | D:10     | Found Yshio's Assorted Antiques.
 11172 | D:11     | Reached skill level 11 in Maces & Flails
 11600 | D:11     | Identified the +3 hand axe "Gaicuq" {freeze, rCorr Str+4}
 11609 | D:11     | Found a staircase to the Lair.
 11623 | D:11     | Noticed a five-headed hydra
 11623 | D:11     | Noticed a two-headed ogre
 11629 | D:11     | Killed a two-headed ogre
 11633 | D:11     | Killed a five-headed hydra
 11764 | D:11     | Noticed Josephine
 11777 | D:11     | Killed Josephine
 11895 | D:11     | Reached *** piety under Makhleb
 12227 | Lair:1   | Entered Level 1 of the Lair of Beasts
 12235 | Lair:1   | Reached skill level 12 in Maces & Flails
 12485 | Lair:1   | Noticed an eight-headed hydra
 12506 | Lair:1   | Killed an eight-headed hydra
 12507 | Lair:1   | Reached skill level 10 in Fighting
 12507 | Lair:1   | Reached skill level 10 in Armour
 12507 | Lair:1   | Reached skill level 10 in Shields
 12507 | Lair:1   | Reached XP level 12. HP: 75/77 MP: 2/12
 13008 | Lair:1   | Noticed Gastronok
 13045 | Lair:1   | Killed Gastronok
 13283 | Lair:1   | Found a bloodstained altar of Trog.
 13633 | Lair:2   | Noticed a four-headed hydra
 13643 | Lair:2   | Killed a four-headed hydra
 13808 | Lair:2   | Reached skill level 13 in Maces & Flails
 13947 | Lair:2   | Found a staircase to the Snake Pit.
 14604 | Lair:3   | You are sucked into a shaft and drop 3 floors!
 14604 | Lair:6   | Entered Level 6 of the Lair of Beasts
 14604 | Lair:6   | Found a staircase to the Slime Pits.
 14604 | Lair:6   | Found a viscous altar of Jiyva.
 14607 | Lair:6   | Reached **** piety under Makhleb
 15156 | Lair:6   | Reached XP level 13. HP: 84/84 MP: 11/13
 15493 | Lair:5   | Reached skill level 14 in Maces & Flails
 15842 | Lair:4   | Gained mutation: Your large and strong wings let you fly.
                  | [Gargoyle growth]
 15842 | Lair:4   | Reached XP level 14. HP: 91/91 MP: 14/14
 16521 | Lair:4   | Reached skill level 15 in Maces & Flails
 16547 | Lair:4   | Found a staircase to the Swamp.
 16731 | Lair:3   | Noticed Rupert
 16744 | Lair:3   | HP: 6/138 [Rupert/+4 great mace of protection (8)]
 16746 | Lair:3   | Annihilated by Rupert

Illustrated notes

Levels and vault maps discovered:
D:1:      matt_arrival_refuge, layout_rooms
D:2:      layout_basic
D:3:      layout_basic, tso_metal_star, minmay_between
D:4:      layout_loops_ring, old_standard_altar, cheibriados_altar_1,
          nrook_loot_triangle, nicolae_figureground_sparkle
D:5:      layout_gridville, nrook_pool_corridor
D:6:      layout_loops_ring, trog_butcher_becter, elyvilon_altar_3,
          minmay_temple_entry_from_below_a, serial_shops, shop, st_stairs_12
D:7:      layout_layer_cave
D:8:      layout_basic, kennysheep_mini, ebering_ghost_gozag, uniq_joseph
D:9:      layout_roguey, hiddenorc2_lemuel, uniq_erolcha
D:10:     layout_roguey, serial_shops, nicolae_shop_crystal
D:11:     layout_roguey, lair_entry_dummy, kennysheep_small_circle,
          uniq_josephine
Temple:   nicolae_temple_x_marks_the_god
Lair:1:   layout_regular_city, basic_altar, grunt_megastairs_4, uniq_gastronok
Lair:2:   layout_regular_city, guppyfry_snake_entry_island
Lair:3:   layout_small_grid, portal_ice_cave_demonic_guard, grunt_megastairs_5,
          lemuel_fruit_fields, uniq_rupert
Lair:4:   layout_cave_pods, minmay_swamp_entry_worms, lemuel_fruit_tree,
          infiniplex_staircase_pool
Lair:5:   layout_cave_pods, serial_bayou_shore_a, grunt_megastairs_2, uniq_snorg
Lair:6:   evilmike_catoblepas_cave, layout_long_grid,
          minmay_slime_entry_pillars, dreamdust_gnoll_shepherd

Skill      XL: |  1  2  3  4  5  6  7  8  9 10 11 12 13 14 |
---------------+-------------------------------------------+-----
Maces & Flails | 3 4 5 6 7 9 10 12 13 14 15 | 15.0
Fighting       | 4 5 6 7 8 10 11 12 | 12.1
Armour         | 4 5 6 7 8 10 11 12 | 12.1
Shields        | 4 5 6 7 8 10 11 12 | 12.1

Action                   |  1- 3 |  4- 6 |  7- 9 | 10-12 | 13-15 || total
-------------------------+-------+-------+-------+-------+-------++-------
Melee: Flail             |    40 |       |       |       |       ||    40
       Mace              |    64 |   142 |   236 |   706 |   194 ||  1342
Evoke: Wand              |       |       |       |    19 |     4 ||    23
  Use: Potion            |       |     1 |       |     4 |     3 ||     8
       Scroll            |       |       |    17 |     9 |     4 ||    30
Armor: Scale mail        |    54 |       |       |       |       ||    54
       Plate armour      |     5 |   142 |   150 |   599 |   136 ||  1032
       Skin              |       |       |       |       |     6 ||     6
Dodge: Dodged            |    49 |    54 |    57 |   177 |    52 ||   389
Block: Buckler           |    15 |    43 |    31 |       |       ||    89
       Kite shield       |       |       |    34 |   444 |   115 ||   593

Table legend: (Time is in decaauts)
 A = Elapsed time spent in this place.
 B = Non-inter-level travel time spent in this place.
 C = Inter-level travel time spent in this place.
 D = Time resting spent in this place.
 E = Time spent auto-exploring this place.
 F = Levels seen in this place.
 G = Mean time per level.
                   A        B        C        D        E       F      G
               +--------+--------+--------+--------+--------+-----+--------+
         Total |  17263 |  16669 |    594 |   2941 |  11213 |  18 |  959.1 |
       Dungeon |  12582 |  12105 |    477 |   2042 |   8244 |  11 | 1143.8 |
        Temple |     72 |     45 |     27 |      0 |     40 |   1 |   72.0 |
          Lair |   4607 |   4517 |     90 |    899 |   2929 |   6 |  767.8 |
               +--------+--------+--------+--------+--------+-----+--------+

Top non-repeatable levels by time:
     D:3: 1477 daAuts
  Lair:1: 1416 daAuts
     D:6: 1383 daAuts
     D:8: 1349 daAuts
     D:9: 1333 daAuts
     D:7: 1223 daAuts
  Lair:4: 1217 daAuts
     D:5: 1154 daAuts
     D:4: 1000 daAuts
    D:10: 994 daAuts
    D:11: 940 daAuts
     D:2: 879 daAuts
  Lair:2: 862 daAuts
     D:1: 847 daAuts
  Lair:6: 554 daAuts
